 Dungeon Crawl Stone Soup version 0.13.0-59-g13bd910 (webtiles) character file.

207 Impozify the Chucker (level 5, 0/50 HPs)
             Began as an Ogre Hunter on Nov 19, 2013.
             Slain by a rat (1 damage)
             ... on Level 3 of the Dungeon.
             The game lasted 00:09:36 (1556 turns).

Impozify the Chucker (Ogre Hunter)                  Turns: 1556, Time: 00:09:36

HP   0/50        AC  3     Str 23      XL: 5   Next:  1%
MP   4/4         EV 10     Int 10      God:
Gold 91          SH  0     Dex 10      Spells:  0 memorised,  4 levels left

Res.Fire  : + . .   See Invis. : .   a - +1 club {=f}
Res.Cold  : + . .   Warding    : .   d - +0 animal skin
Life Prot.: . . .   Conserve   : .   (shield restricted)
Res.Poison: +       Res.Corr.  : .   (helmet restricted)
Res.Elec. : +       Clarity    : .   (no cloak)
Sust.Abil.: . .     Spirit.Shd : .   (gloves unavailable)
Res.Mut.  : .       Stasis     : .   (boots unavailable)
Res.Rott. : .       Flight     : .   (no amulet)
Saprovore : + . .                    (no ring)
                                     (no ring)

@: mighty, mildly poisoned, slowed, very slow, slightly resistant to hostile
enchantments, unstealthy
A: unfitting armour, fast metabolism 1, saprovore 1, tough skin 1
a: no special abilities


You were on level 3 of the Dungeon.
You were not hungry.

You visited 1 branch of the dungeon, and saw 3 of its levels.

You collected 71 gold pieces.

Inventory:

Hand weapons
 a - a +1,+1 club (weapon) {=f}
Missiles
 c - 37 stones (quivered)
Armour
 d - a +0 animal skin (worn)
Comestibles
 f - 2 meat rations
 k - a bread ration
Scrolls
 i - 2 scrolls of magic mapping {unknown}
 j - 4 scrolls of identify {unknown}
 l - 2 scrolls of remove curse {unknown}
 n - a scroll of curse weapon {unknown}
Potions
 h - a potion of might
 o - a potion of curing {unknown}
 p - a potion of flight {unknown}


   Skills:
 - Level 2.6 Fighting
 + Level 4.2 Maces & Flails
 + Level 5.7 Throwing
 - Level 1.7 Dodging
 - Level 0.7 Stealth


You had 4 spell levels left.
You didn't know any spells.

Dungeon Overview and Level Annotations

Branches:
Dungeon (3/27)

Altars:


Innate Abilities, Weirdness & Mutations

You are too large for most types of armour.
You have a fast metabolism.
You can tolerate rotten meat.
You have tough skin (AC +1).


Message History

You hit the worker ant.
The worker ant is moderately wounded.
The worker ant misses you. The rat bites you.
* * * LOW HITPOINT WARNING * * *
The worker ant bites you.
* * * LOW HITPOINT WARNING * * *
Drink which item? (? for menu, Esc to quit)
You feel very mighty all of a sudden.
It was a potion of might.
The rat barely misses you. The worker ant bites you.
* * * LOW HITPOINT WARNING * * *
Drink which item? (? for menu, Esc to quit)
You feel yourself slow down.
It was a potion of slowing.
* * * LOW HITPOINT WARNING * * *
You feel sick. The rat bites you but does no damage. The worker ant bites you.
* * * LOW HITPOINT WARNING * * *
Drink which item? (? for menu, Esc to quit)
You feel protected.
It was a potion of resistance.
The worker ant closely misses you. The rat bites you.
You die...

#.#...... #.#...#
#.#...# #.#...#### #
#.#......# #
#.##%#....#.##.##.#
#...)......>........
#.##..###+#.##.####
# ##.%...@r..#
#..<...a(..#
####....(..#
......?...#
##.(((....#
..(.##.#.##
(..##.#.# ....(#..
#####..


You could see a worker ant and a rat.

Vanquished Creatures
  Jessica (D:3)
  4 adders
  2 giant mites
  An orc (D:3)
  A ball python (D:2)
  7 goblins
  3 hobgoblins
  3 jackals (D:2)
  A quokka (D:2)
  8 bats
  2 giant geckos (D:2)
  A giant newt (D:2)
  12 kobolds
  3 rats (D:1)
49 creatures vanquished.

Notes
Turn   | Place    | Note
--------------------------------------------------------------
     0 | D:1      | Impozify, the Ogre Hunter, began the quest for the Orb.
     0 | D:1      | Reached XP level 1. HP: 20/20 MP: 0/0
   170 | D:1      | Reached XP level 2. HP: 28/28 MP: 1/1
   609 | D:2      | Reached skill level 5 in Throwing
   614 | D:2      | Reached XP level 3. HP: 35/35 MP: 2/2
   753 | D:2      | Reached XP level 4. HP: 44/44 MP: 3/3
  1539 | D:3      | Noticed Jessica
  1541 | D:3      | Killed Jessica
  1541 | D:3      | Reached XP level 5. HP: 29/50 MP: 4/4
  1555 | D:3      | HP: 1/50 [worker ant (4)]
  1556 | D:3      | Slain by a rat

Action                   |  1- 3 |  4- 6 || total
-------------------------+-------+-------++-------
Melee: Club              |    87 |    43 ||   130
Throw: Large rock        |    25 |    19 ||    44
       Throwing net      |     1 |       ||     1
       Stone             |       |    10 ||    10
  Use: Potion            |       |     3 ||     3
 Stab: Held in net/web   |     2 |       ||     2
